 Dungeon Crawl Stone Soup version 0.28-a0-723-g095bd1b44f (webtiles) character file.

Game seed: 14668411159243520003

18 mandarbmax the Sneak (level 2, -1/17 HPs)
             Began as a Kobold Brigand on Oct 26, 2021.
             Slain by a kobold (18 damage)
             ... on level 1 of the Dungeon.
             The game lasted 00:01:13 (950 turns).

mandarbmax the Sneak (Kobold Brigand)                Turns: 950, Time: 00:01:14

Health: -1/17      AC:  6    Str:  8    XL:     2   Next: 90%
Magic:  2/2        EV: 12    Int: 12    God:
Gold:   47         SH:  0    Dex: 16    Spells: 1/1 levels left

rFire   . . .      SeeInvis .   a - +2 dagger
rCold   . . .      Faith    .   (shield restricted)
rNeg    . . .      Spirit   .   f - +0 ring mail
rPois   .          Reflect  .   (no helmet)
rElec   .          Harm     .   c - +0 cloak
rCorr   .          Rampage  .   (no gloves)
Will    .....                   (no boots)
Stlth   +++.......              (no amulet)
HPRegen 0.05/turn               (no ring)
MPRegen 0.08/turn               (no ring)

@: no status effects
A: small, no large weapons, nightstalker 3
a: no special abilities


You were on level 1 of the Dungeon.
You visited 1 branch of the dungeon, and saw 1 of its levels.

You collected 47 gold pieces.

Inventory:

Hand Weapons
 a - a +2 dagger (weapon)
Missiles
 d - 7 poisoned darts (quivered)
 e - 2 curare-tipped darts
Armour
 c - a +0 cloak (worn)
 f - a +0 ring mail (worn)
 l - a scarf of harm
Scrolls
 b - a scroll of amnesia {unknown}
 g - a scroll of teleportation {unknown}
 h - 2 scrolls of identify {unknown}
 i - a scroll of brand weapon {unknown}
 k - a scroll of magic mapping {unknown}
Potions
 j - a potion of haste {unknown}


   Skills:
 - Level 2.1 Fighting
 + Level 4.3 Short Blades
 - Level 2.1 Throwing
 - Level 1.2 Dodging
 - Level 5.3 Stealth


You had one spell level left.
You didn't know any spells.
Your spell library was empty.

Dungeon Overview and Level Annotations

Branches:
Dungeon (1/15)

Altars:


Innate Abilities, Weirdness & Mutations

You are small and have problems with some larger weapons.
You are completely attuned to the shadows.


Message History

You kill the ball python!
You see here a +0 mace.
A giant cockroach comes into view.
A giant cockroach is nearby!
A giant cockroach is nearby!
A giant cockroach is nearby!
You throw a poisoned dart.
The poisoned dart hits the giant cockroach.
The giant cockroach is poisoned.
No target in view!
No target in view!
No target in view!
A giant cockroach is nearby!
A giant cockroach is nearby!
A giant cockroach is nearby!
You kill the giant cockroach!
No target in view!
No target in view!
No target in view!
No target in view!
No target in view!
No target in view!
You see here a giant cockroach corpse.
d - 7 poisoned darts (gained 1)
You open the door.
There is an open door here.
Found a stone staircase leading down.
Key pressed, stopping explore.
There is a stone staircase leading down here.
Key pressed, stopping explore.
Things that are here:
a +0 short sword; a kobold skeleton A kobold comes into view.
It is wielding a +0 dagger of electrocution.
A kobold is nearby!
A kobold is nearby!
The kobold shouts!
The kobold throws a stone.
The stone barely misses you. The kobold hits you but does no damage.
You are electrocuted!!
Ouch! That really hurt!
You die...

....#.....##....# ##.......# #..
..........##....# ####.#######..
##..#............ #...#.......
.................. ..#.#........
##..#.....##..##.# ##..#...######
##..#.........##.# ##.....# #
##..#.....##..##.######...## #
##..#...).................# #
.......)......##@######...# #
#.............##.K........#######
#................................
#...#....#.......................
##............##.#####....##.####
##....##.......#.#####....##.#
##....##.......#..........##.####
.................................
#...#....#.....#.##.##>...##.####


You could see a kobold.

Vanquished Creatures
  A dart slug (D:1)
  4 bats (D:1)
  A giant cockroach (D:1)
  2 goblins (D:1)
  A hobgoblin (D:1)
  A kobold (D:1)
  A quokka (D:1)
  2 ball pythons (D:1)
13 creatures vanquished.

Notes
Turn   | Place    | Note
-------+----------+-------------------------------------------
     0 | D:1      | mandarbmax the Kobold Brigand began the quest for the Orb.
     0 | D:1      | Reached XP level 1. HP: 12/12 MP: 1/1
   188 | D:1      | Reached XP level 2. HP: 17/17 MP: 2/2
   429 | D:1      | Found a faded altar of an unknown god.
   950 | D:1      | Slain by a kobold

Illustrated notes

Levels and vault maps discovered:
D:1:      psy_arrival_dodecagon, layout_basic, chequers_ecumenical_altar_island,
          skrybe_limestone_x

Skill      XL: |  1  2 |
---------------+-------+-----
Short Blades   | 3 4 |  4.3
Fighting       | |  2.1
Throwing       | |  2.1
Dodging        | |  1.2
Stealth        | |  5.3

Action                   || total
-------------------------++-------
Melee: Dagger            ||    37
Throw: Dart              ||     3
 Stab: Sleeping          ||     4
Armor: Ring mail         ||    20
Dodge: Dodged            ||    23

Table legend: (Time is in decaauts)
 A = Elapsed time spent in this place.
 B = Non-inter-level travel time spent in this place.
 C = Inter-level travel time spent in this place.
 D = Time resting spent in this place.
 E = Time spent auto-exploring this place.
 F = Levels seen in this place.
 G = Mean time per level.
                   A        B        C        D        E       F      G
               +--------+--------+--------+--------+--------+-----+--------+
         Total |    947 |    947 |      0 |      0 |    836 |   1 |  947.0 |
       Dungeon |    947 |    947 |      0 |      0 |    836 |   1 |  947.0 |
               +--------+--------+--------+--------+--------+-----+--------+

Top non-repeatable levels by time:
     D:1: 947 daAuts
